 Dungeon Crawl Stone Soup version 0.31-a0-846-gb3bcc0d938 (webtiles) character file.

Game seed: 2704626595201162550

2180912 Flugkiller the Marksant (level 27, 197/197 (201) HPs)
             Began as a Formicid Ice Elementalist on Oct 3, 2023.
             Was the Champion of Vehumet.
             Escaped with the Orb
             ... and 4 runes!
             The game lasted 02:18:18 (76005 turns).

Flugkiller the Marksant (FoIE)                     Turns: 76005, Time: 02:18:19

HP:   197/197 (201) AC: 15    Str: 14      XL:     27
MP:   45/45         EV: 33    Int: 27      God:    Vehumet [******]
Gold: 6634          SH:  0    Dex: 28 (29) Spells: 10/62 levels left

rFire   + . .        P - +9 longbow (freeze)
rCold   + . .        H - orb "Sueg Osh" {*channel, Will++ rCorr}
rNeg    . . .        Q - +2 robe {rC+ rF+}
rPois   .            (helmet unavailable)
rElec   .            A - +2 cloak of Cupuhete {-Tele Int+2 Dex+7}
rCorr   +            g - +2 pair of gloves
SInv    +            m - +2 pair of boots {Fly}
Will    ++++.        l - amulet of magic regeneration
Stlth   +            Z - +6 ring of dexterity
HPRegen 0.52/turn    i - ring "Biles" {Wiz Int+5}
MPRegen 0.69/turn

%: wizardry (x1), channel magic (20%)
@: flying, very slightly contaminated, studying Axes, lightly drained
A: permanent stasis, dig shafts and tunnels, antennae 3, four strong arms,
iridescent scales 1, clumsy 1, deformed body, deterioration 1, dopey 1, frail 1,
weak 1, MP-powered wands
0: Orb of Zot
}: 4/15 runes: serpentine, barnacled, slimy, abyssal
a: Dig, Shaft Self, Renounce Religion


You escaped.
You worshipped Vehumet.
Vehumet was exalted by your worship.
You visited 11 branches of the dungeon, and saw 52 of its levels.
You visited the Abyss 5 times.
You also visited: Trove, Sewer, Bailey, Gauntlet and Volcano.

You collected 7942 gold pieces.
You spent 1308 gold pieces at shops.

Inventory:

Hand Weapons
 h - the +7 arbalest "Zuah" {speed, rN+}
   (You bought it in a shop on level 2 of the Snake Pit)

   rN+:       It protects you from negative energy.
 P - a +9 longbow of freezing (weapon)
   (You took it off Nessos on level 14 of the Dungeon)
Missiles
 F - 4 throwing nets
 N - 7 curare-tipped darts
Armour
 g - a +2 pair of gloves (worn)
   (You found it on level 1 of the Dungeon)
 m - a +2 pair of boots of flying (worn)
   (You found it on level 5 of the Pits of Slime)
 A - the +2 cloak of Cupuhete (worn) {-Tele Int+2 Dex+7}
   (You acquired it on level 1 of the Lair of Beasts)

   Int+2:     It affects your intelligence (+2).
   Dex+7:     It affects your dexterity (+7).
   -Tele:     It prevents most forms of teleportation.
 H - the orb "Sueg Osh" (worn) {*channel, Will++ rCorr}
   (You took it off a gnoll on level 8 of the Dungeon)

   Will++:    It greatly increases your willpower.
   rCorr:     It protects you from acid and corrosion.
 Q - a +2 robe of resistance (worn)
   (You took it off an orc sorcerer on level 2 of the Orcish Mines)
 S - a +3 ring mail of fire resistance
   (You found it in a volcano)
Magical Staves
 L - a staff of cold
   (You found it in a Gauntlet)
Jewellery
 c - a ring of protection from cold
   (You found it on level 1 of the Vaults)
 i - the ring "Biles" (right hand) {Wiz Int+5}
   (You found it on level 2 of the Depths)

   [ring of wizardry]

   Wiz:       It improves your spell success rate.
   Int+5:     It affects your intelligence (+5).
 l - an amulet of magic regeneration (around neck)
   (You found it on level 2 of the Dungeon)
 o - a ring of poison resistance
   (You bought it in a shop on level 1 of the Orcish Mines)
 p - a ring of protection from fire
   (You took it off a deep elf annihilator on level 3 of the Elven Halls)
 D - a +6 ring of intelligence
   (You took it off a draconian stormcaller on level 5 of the Realm of Zot)
 V - a ring of flight
   (You found it on level 2 of the Lair of Beasts)
 W - the ring of Moodiness {*Slow rElec rF+ Str+6}
   (You found it on level 1 of the Vaults)

   [ring of strength]

   Str+6:     It affects your strength (+6).
   rF+:       It protects you from fire.
   rElec:     It insulates you from electricity.
   *Slow:     It may slow you when you take damage.
 Z - a +6 ring of dexterity (left hand)
   (You found it in a Gauntlet)
Wands
 s - a wand of digging (27)
   (You found it on level 2 of the Lair of Beasts)
 x - a wand of iceblast (51)
   (You took it off an orc on level 4 of the Dungeon)
 G - a wand of mindburst (13)
   (You found it on level 8 of the Dungeon)
 O - a wand of paralysis (37)
   (You took it off Lodul on level 14 of the Dungeon)
 Y - a wand of quicksilver (24)
   (You found it on level 3 of the Elven Halls)
Scrolls
 a - a scroll of butterflies
 e - 12 scrolls of vulnerability
 k - 5 scrolls of immolation
 t - 7 scrolls of poison
 v - a scroll of revelation
 y - 7 scrolls of fear
 K - 7 scrolls of enchant armour
 R - 10 scrolls of fog
Potions
 b - 4 potions of magic
 d - 8 potions of might
 f - a potion of cancellation
 j - 8 potions of lignification
 n - 4 potions of resistance
 q - 7 potions of curing
 u - 10 potions of attraction
 w - a potion of heal wounds
 B - 12 potions of ambrosia
 C - 3 potions of invisibility
 I - 5 potions of enlightenment
 X - 3 potions of brilliance
Miscellaneous
 r - a box of beasts
   (You found it on level 1 of the Shoals)
 z - a tin of tremorstones (2/2)
   (You found it on level 13 of the Dungeon)
 J - a phantom mirror
   (You found it on level 2 of the Vaults)
 M - a phial of floods
   (You found it on level 2 of the Vaults)


   Skills:
 - Level 20.0 Fighting
 - Level 4.0 Polearms
 - Level 20.0 Ranged Weapons
 - Level 6.0 Armour
 - Level 20.0 Dodging
 - Level 2.4 Stealth
 - Level 18.0 Spellcasting
 - Level 10.0 Conjurations
 - Level 5.0 Summonings
 - Level 6.0 Transmutations
 - Level 20.0 Ice Magic
 - Level 4.0 Air Magic
 - Level 20.0 Earth Magic
 + Level 5.5 Evocations


You had 10 spell levels left.
You knew the following spells:

 Your Spells              Type           Power      Damage    Failure   Level
a - Freeze                Ice            100%       1d10      1%          1
b - Frozen Ramparts       Ice            100%       1d16      1%          3
c - Ozocubu's Armour      Ice            93%        N/A       1%          3
d - Summon Ice Beast      Ice/Summ       75%        N/A       1%          4
e - Freezing Cloud        Conj/Ice/Air   35%        6-21      1%          5
f - Ozocubu's Refrigerat  Ice            46%        4d17      1%          7
g - Bombard               Conj/Erth      40%        9d7       1%          6
h - Polar Vortex          Ice            46%        12d6*     11%         9
i - Irradiate             Conj/Tmut      30%        3d21      1%          5
j - Shatter               Erth           46%        3d36*     11%         9

Your spell library contained the following spells:

 Spells                   Type           Power      Damage    Failure   Level
 Lehudib's Crystal Spear  Conj/Erth      40%        10d10     6%          8
 Foxfire                  Conj/Fire      100%       2x1d9     1%          1
 Kiss of Death            Conj/Necr      100%       2d13      1%          1
 Magic Dart               Conj           100%       1d8       1%          1
 Sandblast                Erth           100%       2d20      1%          1
 Shock                    Conj/Air       100%       1d9       1%          1
 Summon Small Mammal      Summ           100%       N/A       1%          1
 Ensorcelled Hibernation  Hex/Ice        100%       N/A       1%          2
 Momentum Strike          Conj/Tloc      100%       3d10      1%          2
 Passwall                 Tmut/Erth      63%        N/A       1%          2
 Poisonous Vapours        Pois/Air       70%        N/A       1%          2
 Searing Ray              Conj           100%       2d8       1%          2
 Wereblood                Tmut           54%        N/A       1%          2
 Call Canine Familiar     Summ           50%        N/A       1%          3
 Hailstorm                Conj/Ice       81%        3d16      1%          3
 Ignite Poison            Fire/Tmut/Pois 35%        N/A       1%          3
 Inner Flame              Hex/Fire       24%        N/A       1%          3
 Mephitic Cloud           Conj/Pois/Air  49%        N/A       1%          3
 Stone Arrow              Conj/Erth      100%       3d13      1%          3
 Airstrike                Air            22%        2d(4-20)  1%          4
 Animate Armour           Summ/Erth      100%       N/A       1%          4
 Brom's Barrelling Bould  Conj/Erth      81%        2d9       1%          4
 Flame Wave               Conj/Fire      50%        2d12      1%          4
 Fulminant Prism          Conj/Hex       25%        3d14      1%          4
 Iskenderun's Mystic Bla  Conj/Tloc      50%        2d11      1%          4
 Petrify                  Tmut/Erth      76%        N/A       1%          4
 Sticky Flame             Conj/Fire      50%        2d7       1%          4
 Arcjolt                  Conj/Air       29%        1d39      1%          5
 Borgnjor's Vile Clutch   Necr/Erth      33%        N/A       1%          5
 Lee's Rapid Deconstruct  Erth           46%        3d22*     1%          5
 Metabolic Englaciation   Hex/Ice        33%        N/A       1%          5
 Cigotuvi's Dreadful Rot  Necr/Pois/Air  62%        N/A       2%          2
 Fireball                 Conj/Fire      25%        3d11      2%          5
 Slow                     Hex            96%        N/A       3%          1
 Summon Guardian Golem    Hex/Summ       37%        N/A       3%          3
 Jinxbite                 Hex            48%        N/A       4%          2
 Lesser Beckoning         Tloc           48%        N/A       4%          2
 Sublimation of Blood     Necr           24%        N/A       4%          2
 Summon Lightning Spire   Summ/Air       48%        N/A       4%          4
 Yara's Violent Unravell  Hex/Tmut       20%        3d9       4%          5
 Conjure Ball Lightning   Conj/Air       29%        3x3d8     4%          6
 Confusing Touch          Hex            24%        N/A       6%          3
 Gell's Gravitas          Tloc           24%        N/A       6%          3
 Sigil of Binding         Hex            24%        N/A       6%          3
 Teleport Other           Tloc           24%        N/A       6%          3
 Tukima's Dance           Hex            24%        N/A       6%          3
 Vampiric Draining        Necr           24%        2d7       6%          3
 Simulacrum               Ice/Necr       33%        N/A       6%          6
 Orb of Destruction       Conj           33%        9d10      6%          7
 Starburst                Conj/Fire      25%        6d8       9%          6
 Alistair's Intoxication  Tmut/Pois      26%        N/A       14%         5
 Spellforged Servitor     Conj/Summ      29%        N/A       14%         7
 Anguish                  Hex/Necr       12%        N/A       16%         4
 Animate Dead             Necr           24%        N/A       16%         4
 Dimensional Bullseye     Hex/Tloc       12%        N/A       16%         4
 Dispel Undead            Necr           24%        3d12      16%         4
 Manifold Assault         Tloc           24%        N/A       16%         4
 Passage of Golubria      Tloc           24%        N/A       16%         4
 Summon Forest            Summ/Tloc      18%        N/A       16%         5
 Summon Mana Viper        Hex/Summ       37%        N/A       16%         5
 Eringya's Noxious Bog    Tmut/Pois      20%        4d6       16%         6
 Plasma Beam              Fire/Air       17%        2x1d29    21%         6
 Summon Cactus Giant      Summ           25%        N/A       28%         6
 Summon Hydra             Summ           25%        N/A       75%         7
 Death Channel            Necr           12%        N/A       83%         6
 Dispersal                Tloc           12%        N/A       83%         6
 Maxwell's Capacitive Co  Air            22%        ∞         91%         8
 Discord                  Hex            12%        N/A       100%        8
 Disjunction              Tloc           12%        N/A       100%        8
 Ignition                 Fire           12%        3d6       100%        8
 Swiftness                Air            Unusable   N/A       N/A         3
 Blink                    Tloc           Unusable   N/A       N/A         2
 Vhi's Electric Charge    Tloc/Air       Unusable   N/A       N/A         4

Dungeon Overview and Level Annotations

Branches:
Dungeon (15/15)            Temple (1/1) D:5            Lair (5/5) D:9
 Shoals (4/4) Lair:2        Snake (4/4) Lair:2        Slime (5/5) Lair:5
    Orc (2/2) D:10            Elf (3/3) Orc:2        Vaults (4/5) D:14
  Crypt (0/3) Vaults:3     Depths (4/4) D:15            Zot (5/5) Depths:4
  Sewer (visited)          Bailey (visited)         Volcano (visited)
Gauntlet (visited)

Altars:
Ashenzari
Cheibriados
Dithmenos
Elyvilon
Fedhas
Gozag
Hepliaklqana
Kikubaaqudgha
Makhleb
Nemelex Xobeh
Okawaru
Qazlal
Ru
Sif Muna
Trog
Uskayaw
Vehumet
Wu Jian
Xom
Yredelemnul
Zin
The Shining One
Jiyva

Shops:
D:6 *   D:14 [   Orc:1 =   Orc:2 [*(*(   Shoals:2 =   Snake:2 [*(   Vaults:3 ?
Vaults:4 (

Portals:
Hell: Depths:1 Depths:2 Depths:3 Depths:4
Abyss: Depths:3
Pandemonium: Depths:2 Depths:3
Ziggurat: Depths:2

Annotations:
D:15 4 transporters
Elf:2 6 runed translucent doors, exclusion: obsidian statue, Eseiphumn's ghost, adept MeFi
Depths:2 3 runed translucent doors


Innate Abilities, Weirdness & Mutations

You cannot be hasted, slowed, berserked, paralysed or teleported.
You can dig through walls and to a lower floor.
You have a pair of large antennae on your head. (SInv)
Your four strong arms can wield two-handed weapons with a shield.
You are partially covered in iridescent scales. (AC +2)
You are clumsy. (Dex -2)
Armour fits poorly on your strangely shaped body.
Your body sometimes deteriorates upon taking damage.
You are dopey. (Int -2)
You are frail. (-10% HP)
You are weak. (Str -2)
You expend magic power (3 MP) to strengthen your wands.


Message History

You shoot an arrow. The arrow hits the blizzard demon!
You kill the blizzard demon!
Vehumet accepts your kill.
No target in view!
No target in view!
An Orb Guardian comes into view.
You shoot an arrow. The arrow hits the Orb Guardian!!
The arrow freezes the Orb Guardian.
The Orb Guardian is moderately wounded.
You shoot an arrow. The arrow hits the Orb Guardian!!
The arrow freezes the Orb Guardian!
The Orb Guardian is heavily wounded.
You shoot an arrow. The arrow hits the Orb Guardian!
The arrow freezes the Orb Guardian.
The Orb Guardian is severely wounded.
You shoot an arrow. The arrow hits the Orb Guardian!
The arrow freezes the Orb Guardian.
The Orb Guardian is almost dead.
The Orb Guardian barely misses you.
You shoot an arrow. The arrow hits the Orb Guardian!
The arrow freezes the Orb Guardian.
You kill the Orb Guardian!
Vehumet accepts your kill.
Training target 20.0 for Dodging reached!
Your Dodging skill increases to level 20!
You need to enable at least one skill for training.
Unknown command.
HP restored.
There is a stone staircase leading up here.
You fly upwards.
There is a stone staircase leading down here.
You sense a monster nearby.
Unknown command.
Unknown command.
Unknown command.
Unknown command.
Unknown command.
Unknown command.
Unknown command.
Unknown command.
Unknown command.
Unknown command. 2 hell hogs come into view.
Okay, then.
Casting: Irradiate (mildly dangerous; 1% risk of failure)
Confirm with . or Enter, or press ? or * to list all spells.
A great freezing vortex appears around you.
Unknown command.
A hell hog comes into view.
The hell hog squeals angrily.
You kill the hell hog!
Vehumet accepts your kill.
You feel your power returning.
You kill the hell hog!
Vehumet accepts your kill.
You feel your power returning.
You feel your dexterity returning. The hell hog breathes fire at you.
The fireball explodes!
The fireball engulfs you! You resist.
You shoot an arrow.
The arrow hits the hell hog but does no damage.
The hell hog is almost dead.
You kill the hell hog!
Vehumet accepts your kill.
No target in view!
The winds around you start to calm down.
You are engulfed in whirling frost.
The winds around you calm down.
HP restored.
There is an open door here.
You sense a monster nearby.
Unknown command.
You extend your mandibles.
You dig through the rock wall.
You feel drained.
A green death comes into view.
The green death completely misses you.
Casting: Polar Vortex (dangerous; 11% risk of failure)
Confirm with . or Enter, or press ? or * to list all spells.
You erupt in a fountain of uncontrolled magic!
The green death is blasted with magical radiation!!
The green death is moderately wounded.
You are very lightly contaminated with residual magic.
The green death closely misses you.
You shoot an arrow. The arrow hits the green death!
The arrow freezes the green death.
The green death is heavily wounded.
You shoot an arrow. The arrow hits the green death!
The arrow freezes the green death.
The green death is severely wounded.
The green death barely misses you.
You shoot an arrow. The arrow hits the green death!!
The arrow freezes the green death.
You kill the green death!
Vehumet accepts your kill.
You feel your power returning.
No target in view!
You retract your mandibles.
There is a staircase leading out of the dungeon here.
Enter note: gg You have escaped!

#########.########.########.#
#....#.................# #.#
##.###.#######'#######.# #.###
###..###.#.............#.# #....
....##.#.#.###########.#.####...#
######.#.#.#.........#.#.##......
#.#.#.#.#######.#.#.##.#.#.#
#.#.#.#.#.....#.#.#.##......
#.).#...#..@......#.†..#.#.# ####
#.#.#.#.#.....#.#.#.#....... ...#
#.#.#.#.###.###.#.#.#..#.#.#
.#.###.#.#.#.........#.#.#.......
.......#.#.###########.#.#..#.#.#
#.#.#..#.#.............#.#.......
.......#.#######'#######.#..#.###
#.#†#..#.................####.#
.......#####.########.#### #.###


There were no monsters in sight!

Vanquished Creatures
  the Royal Jelly (Slime:5)
  2 pandemonium lords
  4 ancient liches
  5 dread liches
  6 orbs of fire
  A juggernaut (Depths:2)
  Sojobo (Vaults:3)
  4 Killer Klowns
  Vashnia (Snake:3)
  Xtahua (Vaults:4)
  Frederick (Vaults:3)
  8 golden dragons
  A caustic shrike (Depths:1)
  A bone dragon (Depths:4)
  2 Brimstone Fiends
  27 tentacled monstrosities
  4 electric golems
  Jorgrun (Snake:3)
  26 Orb Guardians
  A hellephant (D:7)
  3 liches
  A walking frostbound tome (Depths:4)
  18 acid blobs
  9 sphinxes
  A titan (Depths:1)
  2 quicksilver dragons
  2 deep elf blademasters (Elf:3)
  2 tentacled starspawn (Abyss:3)
  5 death cobs
  4 tengu reavers
  Agnes (Snake:4)
  6 shadow dragons
  Aizul (Snake:3)
  Ilsuiw (Shoals:3)
  10 fire giants
  Roxanne (Snake:3)
  5 draconian monks
  16 storm dragons
  3 daevas
  4 nagarajas
  11 frost giants
  11 rockslimes
  7 vault wardens
  7 azure jellies
  An iron dragon (Depths:2)
  3 draconian knights
  A balrug (Depths:2)
  3 ghost moths
  5 deep elf sorcerers (Elf:3)
  5 draconian scorchers
  A cacodemon (Abyss:3)
  2 orc warlords
  A draconian shifter (Zot:1)
  10 quicksilver oozes
  2 deep elf elementalists
  4 draconian stormcallers
  11 stone giants
  3 draconian annihilators
  18 ironbound preservers
  A war gargoyle (Vaults:4)
  A formless jellyfish (Slime:5)
  Nessos (D:14)
  A juggernaut skeleton (Depths:3)
  A vampire knight (Depths:2)
  9 green draconians
  11 ironbound thunderhulks
  19 very ugly things
  7 deep elf demonologists (Elf:3)
  5 black draconians
  6 deep elf annihilators (Elf:3)
  3 red draconians (Zot:4)
  9 purple draconians
  8 spark wasps
  5 white draconians
  9 yellow draconians
  4 minotaurs
  4 merfolk impalers
  2 blizzard demons
  A green death (D:1)
  5 deep elf death magi (Elf:3)
  A crystal guardian (Vaults:4)
  10 ettins
  3 entropy weavers
  3 merfolk javelineers
  5 deep elf high priests (Elf:3)
  An eidolon (Vaults:3)
  3 yaktaur captains
  Josephine (Orc:2)
  6 great orbs of eyes
  3 salamander tyrants (Snake:4)
  14 fire dragons
  8 vault guards
  A peacekeeper (Vaults:4)
  4 rakshasas
  5 spriggan air magi
  13 hydras
  13 ice dragons
  5 alligator snapping turtles
  4 merfolk avatars (Shoals:4)
  4 anacondas
  9 ironbound frosthearts
  3 merfolk aquamancers
  A ghost crab (Gauntlet)
  6 catoblepae
  19 centaur warriors
  2 two-headed ogres
  An alligator (Snake:1)
  An alligator (shapeshifter) (Depths:2)
  4 boulder beetles
  18 dancing weapons
  6 deep troll shamans
  13 naga warriors
  16 satyrs
  5 deep troll earth magi
  6 tengu warriors
  Urug (D:13)
  6 death yaks (Lair:5)
  4 hell hogs
  3 thrashing horrors (Abyss:3)
  A shock serpent (shapeshifter) (Depths:4)
  11 shock serpents
  5 orc high priests
  3 spriggan berserkers
  4 vampire magi
  8 hell knights
  6 deep elf knights
  12 naga sharpshooters
  A shadow wraith (Vaults:2)
  A soul eater (D:7)
  11 wretched stars (Abyss:3)
  2 sixfirhies (Abyss:3)
  2 sun demons (Depths:2)
  Lodul (D:14)
  11 skysharks
  3 skeletal warriors (D:13)
  9 salamander mystics
  2 goliath frogs (Snake:1)
  5 iron trolls
  66 deep trolls
  2 flayed ghosts (Depths:1)
  5 glowing orange brains
  10 large abominations (Abyss:3)
  A death drake (shapeshifter) (Vaults:2)
  A shadow demon (Abyss:3)
  An orb spider (shapeshifter) (Depths:1)
  6 sea snakes
  A tengu zombie (Vaults:2)
  An obsidian statue (Zot:5)
  7 wizards
  An orange crystal statue (Zot:3)
  9 deep elf archers
  6 naga ritualists
  19 deep elf zephyrmancers
  25 harpies
  13 ironbound convokers
  3 phantasmal warriors
  7 mana vipers
  8 necromancers
  7 orc knights
  21 deep elf pyromancers
  6 starcursed masses (Abyss:3)
  A cyclops (shapeshifter) (Depths:1)
  A shining eye (Slime:2)
  22 manticores
  5 orc sorcerers
  17 salamanders
  31 fauns
  18 moths of wrath
  A wolf spider (shapeshifter) (Vaults:1)
  A fire giant zombie (Depths:3)
  3 elephants (Lair:5)
  A worldbinder (Abyss:3)
  39 ugly things
  13 cyclopes
  7 merfolk sirens
  30 black mambas
  An eye of devastation (Abyss:3)
  14 vault sentinels
  4 water nymphs
  5 guardian serpents
  17 naga magi
  An apocalypse crab (Abyss:3)
  5 centaur zombies (D:13)
  4 smoke demons
  A torpor snail (Lair:3)
  12 cane toads
  An unseen horror (D:12)
  Psyche (D:8)
  A rime drake (Lair:4)
  A minotaur zombie (Gauntlet)
  A kobold demonologist (D:13)
  4 komodo dragons
  2 efreet
  18 yaktaurs
  A yaktaur (shapeshifter) (D:14)
  20 merfolk
  4 tengu conjurers
  5 freezing wraiths
  A merfolk (shapeshifter) (Elf:2)
  4 trolls
  6 meliai
  A silent spectre (Abyss:3)
  2 queen bees
  2 ancient zymes (Abyss:3)
  A polar bear (shapeshifter) (D:14)
  A queen bee (shapeshifter) (Depths:1)
  5 wind drakes
  5 raiju (Abyss:3)
  5 hornets
  A nameless horror (D:8)
  21 blink frogs
  A meliai zombie (D:13)
  A jumping spider (Vaults:1)
  14 snapping turtles
  15 dream sheep
  3 air elementals
  A culicivora (Vaults:2)
  2 jumping spiders (shapeshifter)
  2 shadows
  28 water elementals
  90 slime creatures
  A culicivora (shapeshifter) (D:15)
  A spriggan (Depths:4)
  An elf zombie (Vaults:2)
  11 wraiths
  40 yaks
  A vampire (D:13)
  7 fire bats (Volcano)
  11 golden eyes
  7 fire elementals
  6 basilisks
  2 neqoxecs (Abyss:3)
  4 wyverns
  16 humans (D:14)
  A redback (Vaults:2)
  3 vampire mosquitoes
  2 chaos spawn
  3 steam dragons
  2 wargs
  2 swamp worms (Gauntlet)
  40 nagas
  8 hell hounds
  A glowing shapeshifter skeleton (Depths:3)
  2 acid dragons
  An ogre skeleton (Vaults:2)
  2 floating eyes
  16 small abominations
  A floating eye (shapeshifter) (Elf:3)
  15 water moccasins
  An ice beast (D:7)
  2 sky beasts
  A black bear (D:5)
  38 orc warriors
  11 ogres
  3 wolves (Lair:5)
  6 boggarts
  12 centaurs
  4 kobold brigands
  6 bullfrogs
  A bullfrog (shapeshifter) (Depths:1)
  3 scorpions
  2 gnoll sergeants
  4 earth elementals
  4 wights
  28 killer bees
  3 electric eels
  3 howler monkeys
  4 jellies
  A quasit (Abyss:3)
  4 hounds
  25 orc priests
  3 iron imps (Abyss:3)
  A sleepcap (D:4)
  2 iguanas
  An iguana (shapeshifter) (Depths:2)
  24 orc wizards
  12 gnolls
  2 river rats (Sewer)
  11 adders
  4 white imps
  3 ufetubi
  3 worms (Sewer)
  2 dart slugs (D:2)
  105 orcs
  8 ball pythons
  11 endoplasms
  5 giant cockroaches
  9 goblins
  11 hobgoblins
  3 jackals (D:5)
  5 quokkas
  6 bats
  4 frilled lizards
  17 kobolds
  11 rats
  2 lurking horrors (Abyss:3)
  3 starspawn tentacles (Abyss:3)
2132 creatures vanquished.

Vanquished Creatures (collateral kills)
  A hydra (Lair:5)
  A goliath frog (Snake:1)
  A flayed ghost (Depths:1)
  A slime creature (Vaults:3)
  A guardian serpent (Snake:1)
  3 yaks (Lair:5)
  Menkaure (D:7)
  3 orc warriors
  An ice beast (D:6)
  An ogre (D:6)
  A phantom (D:6)
  A howler monkey (D:8)
  4 orc priests
  2 orc wizards
  A gnoll (D:8)
  2 white imps
  13 orcs
  A kobold (D:7)
39 creatures vanquished.

Vanquished Creatures (others)
  A golden dragon (Zot:1)
  A lich (Zot:4)
  A deep elf zephyrmancer (Elf:2)
  A hellion (Depths:4)
  An air elemental (Elf:3)
  A centaur (D:14)
  A butterfly (D:9)
  3 starspawn tentacles (Abyss:3)
10 creatures vanquished.

Grand Total: 2181 creatures vanquished

Notes
Turn   | Place    | Note
-------+----------+-------------------------------------------
     0 | D:1      | Flugkiller the Formicid Ice Elementalist began the quest
                  | for the Orb.
     0 | D:1      | Reached XP level 1. HP: 13/13 MP: 3/3
   217 | D:1      | Reached XP level 2. HP: 19/19 MP: 1/5
  1072 | D:2      | Reached XP level 3. HP: 19/24 MP: 5/7
  1269 | D:2      | Reached XP level 4. HP: 30/30 MP: 4/8
  1367 | D:2      | Learned a level 3 spell: Frozen Ramparts
  1399 | D:2      | Reached skill level 5 in Ice Magic
  1854 | D:3      | Reached XP level 5. HP: 34/35 MP: 8/10
  2013 | D:3      | Found a glowing drain.
  2022 | Sewer    | Entered a sewer
  2065 | Sewer    | Noticed a kobold brigand
  2073 | Sewer    | Killed a kobold brigand
  2074 | Sewer    | Reached XP level 6. HP: 41/41 MP: 8/12
  2425 | Sewer    | Reached skill level 5 in Spellcasting
  2980 | D:4      | Noticed an ogre
  2992 | D:4      | Reached XP level 7. HP: 46/46 MP: 11/14
  3004 | D:4      | Learned a level 3 spell: Ozocubu's Armour
  3009 | D:4      | Learned a level 4 spell: Summon Ice Beast
  3332 | D:4      | Found an ornate altar of the Wu Jian Council.
  3401 | D:4      | Reached skill level 1 in Summonings
  3537 | D:4      | Found a broken altar of Ashenzari.
  3991 | D:5      | Entered Level 5 of the Dungeon
  4005 | D:5      | Reached XP level 8. HP: 38/52 MP: 13/16
  4259 | D:5      | Learned a level 5 spell: Freezing Cloud
  4514 | D:5      | Found a staircase to the Ecumenical Temple.
  4523 | Temple   | Entered the Ecumenical Temple
  4532 | Temple   | Became a worshipper of Vehumet
  5161 | D:6      | Found Xoef's General Store.
  5167 | D:6      | Bought a potion of mutation for 96 gold pieces
  5167 | D:6      | Bought a scroll of poison for 48 gold pieces
  5167 | D:6      | Bought a scroll of enchant weapon for 90 gold pieces
  5167 | D:6      | Bought a scroll of identify for 24 gold pieces
  5213 | D:6      | Reached XP level 9. HP: 57/57 MP: 15/19
  5620 | D:6      | Reached skill level 5 in Summonings
  5864 | D:7      | Noticed Menkaure
  5911 | D:7      | Killed Menkaure
  5912 | D:7      | Reached skill level 1 in Fighting
  5918 | D:7      | Learned a level 5 spell: Irradiate
  5969 | D:7      | Reached * piety under Vehumet
  5969 | D:7      | Offered knowledge of Sandblast by Vehumet.
  5982 | D:7      | Reached skill level 1 in Transmutations
  6007 | D:7      | Reached skill level 1 in Conjurations
  7258 | D:8      | Reached XP level 10. HP: 63/70 MP: 14/21
  7275 | D:8      | Found an iron altar of Okawaru.
  7310 | D:8      | Found a glowing silver altar of Zin.
  7528 | D:8      | Identified the orb "Sueg Osh" {*channel, Will++ rCorr}
  7540 | D:8      | Reached ** piety under Vehumet
  7540 | D:8      | Offered knowledge of Foxfire by Vehumet.
  7704 | D:8      | Noticed Psyche
  7705 | D:8      | Noticed a nameless horror
  7728 | D:8      | Killed a nameless horror
  7731 | D:8      | Killed Psyche
  8333 | D:9      | Reached skill level 5 in Transmutations
  8452 | D:9      | Found a staircase to the Lair.
  8707 | D:9      | Found a glowing golden altar of the Shining One.
  9082 | D:9      | Found a white marble altar of Elyvilon.
  9847 | D:10     | Entered Level 10 of the Dungeon
  9847 | D:10     | Found a flagged portal.
  9857 | D:10     | Reached skill level 5 in Conjurations
  9871 | D:10     | Offered knowledge of Static Discharge by Vehumet.
  9879 | Bailey   | Entered a bailey
  9897 | Bailey   | Reached XP level 11. HP: 55/75 MP: 22/24
 10049 | Bailey   | Reached *** piety under Vehumet
 10253 | Bailey   | Noticed an orc knight
 10277 | Bailey   | Killed an orc knight
 10603 | Bailey   | Offered knowledge of Airstrike by Vehumet.
 10606 | Bailey   | Reached skill level 10 in Spellcasting
 11445 | D:10     | Found a staircase to the Orcish Mines.
 11553 | D:10     | Reached **** piety under Vehumet
 12187 | D:11     | Identified the +0 chain mail of the Moon Troll {Regen+
                  | Dex+2}
 12424 | Lair:1   | Entered Level 1 of the Lair of Beasts
 12427 | Lair:1   | Acquired the +0 pair of gloves of the Trout {Fly rF- rN+
                  | MP+9}
 12429 | Lair:1   | Acquired the +2 cloak of Cupuhete {-Tele Int+2 Dex+7}
 12667 | Lair:1   | Reached XP level 12. HP: 81/81 MP: 19/26
 12725 | Lair:1   | Reached skill level 10 in Conjurations
 13522 | Lair:2   | Offered knowledge of Fireball by Vehumet.
 13657 | Lair:2   | Found a staircase to the Snake Pit.
 13765 | Lair:2   | Found a dark tunnel.
 13797 | Volcano  | Entered a volcano
 13822 | Volcano  | Noticed a hell hog
 13853 | Volcano  | Reached skill level 5 in Fighting
 13855 | Volcano  | Killed a hell hog
 13945 | Volcano  | Noticed a fire dragon
 13953 | Volcano  | Killed a fire dragon
 14146 | Volcano  | Reached skill level 5 in Dodging
 14782 | Lair:2   | Reached skill level 1 in Ranged Weapons
 14794 | Lair:2   | Reached ***** piety under Vehumet
 14795 | Lair:2   | Offered knowledge of Conjure Ball Lightning by Vehumet.
 14995 | Lair:2   | Found a staircase to the Shoals.
 15176 | Lair:3   | Identified the +9 trident of Xeyfum {freeze, rN+}
 15189 | Lair:3   | Reached skill level 1 in Polearms
 15201 | Lair:3   | Noticed a skyshark
 15331 | Lair:3   | Reached XP level 13. HP: 39/93 MP: 27/27
 15643 | Lair:3   | Reached skill level 1 in Evocations
 16218 | Lair:3   | Noticed a catoblepas
 16228 | Lair:3   | Killed a catoblepas
 16852 | Lair:4   | Reached skill level 5 in Evocations
 17270 | Lair:4   | Identified the +1 sling of Vodka {flame, Will+ rCorr}
 17280 | Lair:4   | Noticed a five-headed hydra
 17288 | Lair:4   | Killed a five-headed hydra
 17712 | Lair:4   | Noticed a catoblepas
 17724 | Lair:4   | Killed a catoblepas
 17772 | Lair:4   | Noticed a five-headed hydra
 17775 | Lair:4   | Killed a five-headed hydra
 18264 | Lair:5   | Entered Level 5 of the Lair of Beasts
 18264 | Lair:5   | Found a staircase to the Slime Pits.
 18307 | Lair:5   | Reached skill level 1 in Armour
 18383 | Lair:5   | Found a gate leading to a gauntlet.
 18430 | Gauntlet | Entered a Gauntlet
 18430 | Gauntlet | Found a transporter.
 18438 | Gauntlet | Found a transporter.
 18442 | Gauntlet | Found a transporter.
 18446 | Gauntlet | Found a runed translucent door.
 18448 | Gauntlet | Found a runed translucent door.
 18450 | Gauntlet | Found a transporter.
 18454 | Gauntlet | Found a transporter.
 18462 | Gauntlet | Found a transporter.
 18466 | Gauntlet | Found a transporter.
 18474 | Gauntlet | Found a transporter.
 18478 | Gauntlet | Found a transporter.
 18486 | Gauntlet | Found a transporter.
 18488 | Gauntlet | Noticed a ghost crab
 18516 | Gauntlet | Found a transporter.
 18528 | Gauntlet | Found a transporter.
 18541 | Gauntlet | Found a transporter.
 18554 | Gauntlet | Found a transporter.
 18837 | Gauntlet | Reached skill level 1 in Air Magic
 19153 | Gauntlet | Identified the +2 cloak of the End {Str+5}
 19169 | Gauntlet | Killed a ghost crab
 19280 | Gauntlet | Noticed a minotaur
 19290 | Gauntlet | Killed a minotaur
 19291 | Gauntlet | Reached XP level 14. HP: 45/100 MP: 19/28
 19452 | Gauntlet | Identified the +0 cloak "Aczoi" {rCorr Str+3 Int+3}
 19452 | Gauntlet | Identified the +0 leather armour "Zoc Lebe" {rN+ Str+2}
 20742 | Lair:5   | Reached skill level 10 in Dodging
 21030 | Lair:5   | Reached skill level 10 in Ice Magic
 21579 | Lair:5   | Identified the ring of a Thousand Realms {Fly rElec rN+
                  | Str+2 Int-4}
 21583 | Lair:5   | Identified the +0 ring mail of a sewer {Contam rElec Str+9}
 21880 | D:12     | Reached skill level 5 in Armour
 22458 | D:12     | Offered knowledge of Plasma Beam by Vehumet.
 22954 | D:12     | Reached XP level 15. HP: 105/105 MP: 29/31
 23256 | D:13     | Reached XP level 16. HP: 110/111 MP: 32/32
 23783 | D:13     | Noticed Urug
 23800 | D:13     | Killed Urug
 24053 | D:13     | Found a portal to a secret trove of treasure.
 25254 | D:14     | Found Nicwoc's Antique Armour Boutique.
 25484 | D:14     | Found a gate to the Vaults.
 25485 | D:14     | Noticed Nessos
 25485 | D:14     | Noticed Lodul
 25500 | D:14     | Killed Lodul
 25503 | D:14     | Offered knowledge of Ozocubu's Refrigeration by Vehumet.
 25524 | D:14     | Killed Nessos
 25719 | D:14     | Learned a level 7 spell: Ozocubu's Refrigeration
 25931 | D:15     | Entered Level 15 of the Dungeon
 25958 | D:15     | Found a transporter.
 26310 | D:15     | Found a transporter.
 26497 | D:15     | Found a transporter.
 26537 | D:15     | Found a transporter.
 27233 | D:15     | Reached skill level 5 in Ranged Weapons
 27669 | D:15     | Found a staircase to the Depths.
 27929 | Orc:1    | Entered Level 1 of the Orcish Mines
 28073 | Orc:1    | Found Aroneuj's Jewellery Boutique.
 28085 | Orc:1    | Reached XP level 17. HP: 124/124 MP: 33/33
 28255 | Orc:1    | Offered knowledge of Starburst by Vehumet.
 28603 | Orc:2    | Entered Level 2 of the Orcish Mines
 28749 | Orc:2    | Found a staircase to the Elven Halls.
 28814 | Orc:2    | Found Mut Vajyloo's Armour Shoppe.
 29223 | Orc:2    | Found Nonirad's Weapon Shop.
 29223 | Orc:2    | Found Oruc's Antique Weapon Boutique.
 29224 | Orc:2    | Found Deelek's Assorted Antiques.
 29228 | Orc:2    | Found Astre's General Store.
 29357 | Orc:2    | Noticed Josephine
 29360 | Orc:2    | Killed Josephine
 29767 | Snake:1  | Entered Level 1 of the Snake Pit
 29986 | Snake:1  | Reached skill level 10 in Fighting
 31041 | Snake:1  | Offered knowledge of Bombard by Vehumet.
 31151 | Snake:1  | Learned a level 6 spell: Bombard
 31813 | Snake:2  | Found Kocaf's Antique Weapon Emporium.
 31817 | Snake:2  | Found Emason's Assorted Antiques.
 31818 | Snake:2  | Found Goown's Armour Emporium.
 31821 | Snake:2  | Bought a polished arbalest for 332 gold pieces
 31821 | Snake:2  | Identified the +7 arbalest "Zuah" {speed, rN+} (You bought
                  | it in a shop on level 2 of the Snake Pit)
 31922 | Snake:2  | Reached skill level 10 in Ranged Weapons
 32054 | Snake:3  | Reached XP level 18. HP: 134/134 MP: 26/34
 32065 | Snake:3  | Noticed Roxanne
 32082 | Snake:3  | Killed Roxanne
 32198 | Snake:3  | Reached ****** piety under Vehumet
 32402 | Snake:3  | Noticed Aizul
 32414 | Snake:3  | Killed Aizul
 32678 | Snake:3  | Noticed Vashnia
 33076 | Snake:3  | Killed Vashnia
 33438 | Snake:3  | Offered knowledge of Eringya's Noxious Bog by Vehumet.
 34440 | Snake:3  | Noticed Jorgrun
 34449 | Snake:3  | Killed Jorgrun
 34718 | Snake:4  | Entered Level 4 of the Snake Pit
 35280 | Snake:4  | Offered knowledge of Ignition by Vehumet.
 35532 | Snake:4  | Reached skill level 15 in Ranged Weapons
 35606 | Snake:4  | Reached XP level 19. HP: 140/140 MP: 35/35
 35987 | Snake:4  | Got a serpentine rune of Zot
 36088 | Snake:4  | Noticed Agnes
 36094 | Snake:4  | Killed Agnes
 36292 | Snake:4  | Acquired 850 gold pieces
 36416 | Shoals:1 | Entered Level 1 of the Shoals
 37992 | Shoals:2 | Found Liqu's Jewellery Boutique.
 38097 | Shoals:2 | Identified the +0 helmet "Peteang" {Str+7 Int+3}
 38499 | Shoals:3 | Noticed Ilsuiw
 38523 | Shoals:3 | Killed Ilsuiw
 38588 | Shoals:3 | Offered knowledge of Lehudib's Crystal Spear by Vehumet.
 38588 | Shoals:3 | Offered knowledge of Shatter by Vehumet.
 38588 | Shoals:3 | Offered knowledge of Polar Vortex by Vehumet.
 39456 | Shoals:4 | Entered Level 4 of the Shoals
 39705 | Shoals:4 | Reached XP level 20. HP: 133/147 MP: 26/36
 40499 | Shoals:4 | Identified the +2 war axe "Efown" {protect, Fragile rPois
                  | rC++ Str+3}
 40977 | Shoals:4 | Got a barnacled rune of Zot
 40980 | Shoals:4 | Got a curious book
 41236 | Vaults:1 | Entered Level 1 of the Vaults
 42264 | Vaults:1 | Identified the ring of Moodiness {*Slow rElec rF+ Str+6}
 42322 | Vaults:1 | Reached XP level 21. HP: 113/153 MP: 37/37
 42949 | Vaults:1 | Gained mutation: You are dopey. (Int -2) [mutagenic glow]
 42972 | Vaults:1 | Reached skill level 15 in Dodging
 45393 | Vaults:2 | Noticed an ancient lich
 45404 | Vaults:2 | Killed an ancient lich
 45673 | Vaults:2 | Got a thrumming book
 45762 | Vaults:2 | Lost mutation: You are dopey. (Int -2) [potion of mutation]
 45762 | Vaults:2 | Gained mutation: You are partially covered in large bone
                  | plates. (SH +4) [potion of mutation]
 45762 | Vaults:2 | Gained mutation: You occasionally lose the ability to drink
                  | potions when taking damage. [potion of mutation]
 45762 | Vaults:2 | Gained mutation: Your system is resistant to poisons.
                  | (rPois) [potion of mutation]
 45763 | Vaults:2 | Lost mutation: You are partially covered in large bone
                  | plates. (SH +4) [potion of mutation]
 45763 | Vaults:2 | Lost mutation: Your system is resistant to poisons. (rPois)
                  | [potion of mutation]
 45763 | Vaults:2 | Gained mutation: You are partially covered in large bone
                  | plates. (SH +4) [potion of mutation]
 45763 | Vaults:2 | Gained mutation: Your system is resistant to poisons.
                  | (rPois) [potion of mutation]
 45763 | Vaults:2 | Gained mutation: Your spells are a little harder to cast,
                  | but a little more powerful. [potion of mutation]
 45764 | Vaults:2 | Lost mutation: Your spells are a little harder to cast, but
                  | a little more powerful. [potion of mutation]
 45764 | Vaults:2 | Lost mutation: Your system is resistant to poisons. (rPois)
                  | [potion of mutation]
 45764 | Vaults:2 | Gained mutation: Your body sometimes deteriorates upon
                  | taking damage. [potion of mutation]
 45764 | Vaults:2 | Gained mutation: You are covered in fur. (AC +1) [potion of
                  | mutation]
 45765 | Vaults:2 | Lost mutation: You are partially covered in large bone
                  | plates. (SH +4) [potion of mutation]
 45765 | Vaults:2 | Lost mutation: You occasionally lose the ability to drink
                  | potions when taking damage. [potion of mutation]
 45765 | Vaults:2 | Lost mutation: You are covered in fur. (AC +1) [potion of
                  | mutation]
 45765 | Vaults:2 | Gained mutation: Your flesh is cold resistant. (rC+)
                  | [potion of mutation]
 45765 | Vaults:2 | Gained mutation: You possess an exceptional clarity of
                  | mind. [potion of mutation]
 45906 | Vaults:3 | Found Vaucw's Magic Scroll Shop.
 45976 | Vaults:3 | Noticed Frederick
 45984 | Vaults:3 | Killed Frederick
 46221 | Vaults:3 | Noticed Sojobo
 46243 | Vaults:3 | Killed Sojobo
 46274 | Vaults:3 | Reached XP level 22. HP: 77/173 MP: 38/38
 46770 | Snake:2  | Bought a potion of curing for 87 gold pieces
 46973 | Elf:1    | Entered Level 1 of the Elven Halls
 47235 | Elf:1    | Reached skill level 15 in Fighting
 47941 | Elf:2    | Found a runed translucent gate.
 47957 | Elf:2    | Found a runed translucent gate.
 47960 | Elf:2    | Found a runed translucent gate.
 47961 | Elf:2    | Found an opulent altar of Gozag.
 47963 | Elf:2    | Noticed Eseiphumn's ghost (adept MeFi)
 48039 | Elf:2    | Found a runed translucent gate.
 48042 | Elf:2    | Found a runed translucent gate.
 48042 | Elf:2    | Found a runed translucent gate.
 48730 | Elf:3    | Entered Level 3 of the Elven Halls
 48775 | Elf:3    | Identified the +4 spear "Ysmel" {heavy, rElec rPois rC+
                  | Will+}
 49817 | Elf:3    | Reached XP level 23. HP: 113/181 MP: 18/40
 50006 | Elf:3    | Identified the +0 helmet of Youthful Indiscretion {rPois
                  | Str+3 SInv}
 50147 | Elf:3    | Found the +8 Wrath of Trog {antimagic, *Rage Rampage}
 50175 | Elf:3    | Found the +10 zealot's sword {holy, Zealotry, *Rage rN+
                  | EV+3}
 50177 | Elf:3    | Got an upside-down book
 50180 | Elf:3    | Identified the +9 long sword "Nevvyile" {speed, Str+4
                  | Stlth+}
 50187 | Elf:3    | Identified the staff "Giantbane" {Drain Dex+2 Stlth+ Earth}
 50191 | Elf:3    | Identified the amulet "Xeoluo" {Reflect rF- Regen+ Dex+3
                  | SH+5}
 50195 | Elf:3    | Got a glistering book
 50294 | Elf:3    | Reached skill level 15 in Ice Magic
 50965 | Snake:2  | Bought an ancient ring mail for 261 gold pieces
 50965 | Snake:2  | Identified the +2 ring mail of Ytiriene {+Inv rPois} (You
                  | bought it in a shop on level 2 of the Snake Pit)
 51333 | Vaults:3 | Identified the +1 chain mail of the Countless Knives
                  | {Contam rN+++ rCorr Str-3}
 51415 | Vaults:3 | Found a runed translucent door.
 51501 | Vaults:3 | Found a staircase to the Crypt.
 52045 | Vaults:3 | Identified the +7 rapier of Sharkskin {heavy, Int+3}
 52324 | Vaults:3 | Learned a level 9 spell: Polar Vortex
 52514 | Vaults:3 | Identified the amulet "Noefebiu" {Spirit Will+ Regen+}
 52987 | Vaults:4 | Noticed Xtahua
 52991 | Vaults:4 | Killed Xtahua
 53270 | Vaults:4 | Reached skill level 15 in Spellcasting
 53859 | Vaults:4 | Found Gyoder's Antique Weapon Shoppe.
 53926 | Vaults:4 | Identified the +1 scale mail of Recklessness {rC- Regen+
                  | rCorr Dex+3}
 54171 | Depths:1 | Entered Level 1 of the Depths
 54593 | Depths:1 | Noticed a caustic shrike
 54602 | Depths:1 | Killed a caustic shrike
 54784 | Depths:1 | Reached XP level 24. HP: 182/191 MP: 42/42
 55668 | Depths:1 | Found a gateway to Hell.
 55802 | Depths:1 | Gained mutation: Your magical capacity is low. (-10% MP)
                  | [mutagenic glow]
 56488 | Depths:2 | Found a one-way gateway to a ziggurat.
 56738 | Depths:2 | Found a one-way gate leading to the halls of Pandemonium.
 56782 | Depths:2 | Identified the ring "Paim" {rF+ rC+ Will++ Int+2 Dex-5}
 56790 | Depths:2 | Noticed a juggernaut
 56799 | Depths:2 | Killed a juggernaut
 56807 | Depths:2 | Identified the amulet "Dyered" {Faith Fly Dex+5}
 56865 | Depths:2 | Found a runed translucent door.
 56907 | Depths:2 | Identified the ring "Biles" {Wiz Int+5}
 56930 | Depths:2 | Found a runed translucent door.
 56931 | Depths:2 | Found a runed translucent door.
 57029 | Depths:2 | Identified the amulet of Foolhardiness {Acrobat MP+9 Str+3}
 57786 | Depths:3 | Found a one-way gate to the infinite horrors of the Abyss.
 57945 | Depths:3 | Reached XP level 25. HP: 197/197 MP: 39/39
 57980 | Depths:3 | Found a transporter.
 57997 | Depths:3 | Found a transporter.
 59026 | Depths:3 | Found a viscous altar of Jiyva.
 59382 | Depths:3 | Identified the ring "Nozed" {Fire rN+ Dex+3}
 59484 | Depths:4 | Entered Level 4 of the Depths
 59863 | Depths:4 | Identified the +10 arbalest of Fiemilon {flame, SInv
                  | Stlth+}
 59904 | Depths:4 | Reached skill level 1 in Earth Magic
 60080 | Depths:4 | Found Zin's Purification Station.
 60090 | Depths:4 | Found a glowing silver altar of Zin.
 60102 | Depths:4 | Bought a potion of curing for 90 gold pieces
 60210 | Depths:4 | Found a gate to the Realm of Zot.
 60544 | Depths:4 | Reached skill level 5 in Earth Magic
 61336 | Depths:3 | Voluntarily entered the Abyss.
 61368 | Depths:3 | Escaped the Abyss
 61370 | Depths:3 | Voluntarily entered the Abyss.
 61392 | Depths:3 | Escaped the Abyss
 61394 | Depths:3 | Voluntarily entered the Abyss.
 61406 | Abyss:2  | Found a corrupted altar of Lugonu.
 61417 | Abyss:3  | Found a corrupted altar of Lugonu.
 61446 | Abyss:3  | Found a corrupted altar of Lugonu.
 61635 | Abyss:3  | Noticed a dread lich
 61645 | Abyss:3  | Killed a dread lich
 61978 | Depths:3 | Escaped the Abyss
 62117 | Depths:3 | Voluntarily entered the Abyss.
 62208 | Abyss:3  | Reached XP level 26. HP: 193/204 MP: 40/40
 62226 | Abyss:3  | Found a corrupted altar of Lugonu.
 62245 | Abyss:3  | Found a corrupted altar of Lugonu.
 62245 | Abyss:3  | Found a corrupted altar of Lugonu.
 62328 | Depths:3 | Escaped the Abyss
 62330 | Depths:3 | Voluntarily entered the Abyss.
 62408 | Abyss:3  | Found a corrupted altar of Lugonu.
 62425 | Abyss:3  | Got an abyssal rune of Zot
 62662 | Abyss:3  | Noticed a dread lich
 62673 | Abyss:3  | Killed a dread lich
 62676 | Depths:3 | Escaped the Abyss
 63030 | D:13     | You showed the abyssal rune of Zot to enter a treasure
                  | trove
 63031 | Trove    | Entered a treasure trove
 63108 | Trove    | Identified the +3 leather armour of Meezxitt {rF+}
 63112 | Trove    | Identified the +7 chain mail of Zudod {rElec rF- Int+3}
 63351 | Slime:1  | Entered Level 1 of the Pits of Slime
 63365 | Slime:1  | Reached skill level 10 in Earth Magic
 63557 | Slime:2  | Gained mutation: You are weak. (Str -2) [a shining eye]
 63635 | Slime:5  | Entered Level 5 of the Pits of Slime
 63673 | Slime:5  | Found a viscous altar of Jiyva.
 63674 | Slime:5  | Noticed the Royal Jelly
 63696 | Slime:5  | Killed the Royal Jelly
 63999 | Slime:5  | Identified the +1 plate armour of Cempeetz {Drain rElec
                  | rCorr Str+6}
 64017 | Slime:5  | Identified the amulet "Tupydwut" {RegenMP Harm rC- rCorr
                  | Slay-4}
 64073 | Slime:5  | Got a slimy rune of Zot
 64101 | Slime:5  | Identified the +10 glaive "Zejycs" {freeze, rC+ Int+3
                  | Stlth+}
 64496 | Zot:1    | Entered Level 1 of the Realm of Zot
 64499 | Depths:4 | Lost mutation: You are weak. (Str -2) [potion of mutation]
 64499 | Depths:4 | Lost mutation: You possess an exceptional clarity of mind.
                  | [potion of mutation]
 64499 | Depths:4 | Lost mutation: Your flesh is cold resistant. (rC+) [potion
                  | of mutation]
 64499 | Depths:4 | Gained mutation: Your muscles are strong. (Str +4, Int/Dex
                  | -1) [potion of mutation]
 64500 | Depths:4 | Lost mutation: Your body sometimes deteriorates upon taking
                  | damage. [potion of mutation]
 64500 | Depths:4 | Lost mutation: Your muscles are strong. (Str +4, Int/Dex
                  | -1) [potion of mutation]
 64500 | Depths:4 | Gained mutation: You occasionally lose the ability to read
                  | scrolls when taking damage. [potion of mutation]
 64500 | Depths:4 | Gained mutation: You sometimes lose the ability to read
                  | scrolls when taking damage. [potion of mutation]
 64500 | Depths:4 | Gained mutation: You are covered in fur. (AC +1) [potion of
                  | mutation]
 64501 | Depths:4 | Lost mutation: You sometimes lose the ability to read
                  | scrolls when taking damage. [potion of mutation]
 64501 | Depths:4 | Lost mutation: Your magical capacity is low. (-10% MP)
                  | [potion of mutation]
 64501 | Depths:4 | Lost mutation: You are covered in fur. (AC +1) [potion of
                  | mutation]
 64501 | Depths:4 | Gained mutation: You sometimes lose the ability to read
                  | scrolls when taking damage. [potion of mutation]
 64501 | Depths:4 | Gained mutation: Your spells are a little harder to cast,
                  | but a little more powerful. [potion of mutation]
 64501 | Depths:4 | Gained mutation: You are strong-willed. (Will+) [potion of
                  | mutation]
 64502 | Depths:4 | Lost mutation: You sometimes lose the ability to read
                  | scrolls when taking damage. [potion of mutation]
 64502 | Depths:4 | Lost mutation: You occasionally lose the ability to read
                  | scrolls when taking damage. [potion of mutation]
 64502 | Depths:4 | Gained mutation: You are dopey. (Int -2) [potion of
                  | mutation]
 65502 | Zot:2    | Noticed an orb of fire
 65531 | Zot:2    | Gained mutation: You are vulnerable to heat. (rF-) [an orb
                  | of fire]
 65538 | Zot:2    | Killed an orb of fire
 65539 | Zot:2    | Reached skill level 15 in Earth Magic
 65598 | Depths:4 | Lost mutation: You are vulnerable to heat. (rF-) [potion of
                  | mutation]
 65598 | Depths:4 | Lost mutation: Your spells are a little harder to cast, but
                  | a little more powerful. [potion of mutation]
 65598 | Depths:4 | Lost mutation: You are strong-willed. (Will+) [potion of
                  | mutation]
 65598 | Depths:4 | Gained mutation: You are very dopey. (Int -4) [potion of
                  | mutation]
 65598 | Depths:4 | Gained mutation: You are somewhat resistant to further
                  | mutation. [potion of mutation]
 65598 | Depths:4 | Gained mutation: Your muscles are strong. (Str +4, Int/Dex
                  | -1) [potion of mutation]
 65599 | Depths:4 | Lost mutation: You are very dopey. (Int -4) [potion of
                  | mutation]
 65599 | Depths:4 | Lost mutation: Your muscles are strong. (Str +4, Int/Dex
                  | -1) [potion of mutation]
 65599 | Depths:4 | Gained mutation: You are very dopey. (Int -4) [potion of
                  | mutation]
 65600 | Depths:4 | Lost mutation: You are somewhat resistant to further
                  | mutation. [potion of mutation]
 65600 | Depths:4 | Lost mutation: You are very dopey. (Int -4) [potion of
                  | mutation]
 65600 | Depths:4 | Gained mutation: Your body sometimes deteriorates upon
                  | taking damage. [potion of mutation]
 65601 | Depths:4 | Lost mutation: You are dopey. (Int -2) [potion of mutation]
 65601 | Depths:4 | Lost mutation: Your body sometimes deteriorates upon taking
                  | damage. [potion of mutation]
 65601 | Depths:4 | Gained mutation: You are strong-willed. (Will+) [potion of
                  | mutation]
 65601 | Depths:4 | Gained mutation: You are clumsy. (Dex -2) [potion of
                  | mutation]
 65601 | Depths:4 | Gained mutation: You expend magic power (3 MP) to
                  | strengthen your wands. [potion of mutation]
 66406 | Zot:1    | Reached XP level 27. HP: 171/210 MP: 45/45
 66507 | Zot:1    | Got a glossy book
 66560 | Zot:1    | Noticed an orb of fire
 66562 | Zot:1    | Gained mutation: Armour fits poorly on your strangely
                  | shaped body. [an orb of fire]
 66565 | Zot:1    | Gained mutation: Your body sometimes deteriorates upon
                  | taking damage. [an orb of fire]
 66567 | Zot:1    | Gained mutation: You are weak. (Str -2) [an orb of fire]
 66575 | Zot:1    | Killed an orb of fire
 67568 | Orc:1    | Bought a ring of poison resistance for 280 gold pieces
 67973 | Zot:2    | Noticed a Killer Klown
 67985 | Zot:2    | Killed a Killer Klown
 68566 | Zot:3    | Noticed a dread lich
 68577 | Zot:3    | Killed a dread lich
 68899 | Zot:3    | Lost mutation: You are strong-willed. (Will+) [mutagenic
                  | glow]
 68913 | Zot:3    | Gained mutation: Your body often deteriorates upon taking
                  | damage. [mutagenic glow]
 69265 | Zot:3    | Acquired 844 gold pieces
 69332 | Zot:3    | Learned a level 9 spell: Shatter
 70539 | Zot:5    | Entered Level 5 of the Realm of Zot
 70747 | Zot:5    | Noticed an orb of fire
 70753 | Zot:5    | Gained mutation: You are very weak. (Str -4) [an orb of
                  | fire]
 70761 | Zot:5    | Gained mutation: You have hidden genetic defects. [an orb
                  | of fire]
 70762 | Zot:5    | Killed an orb of fire
 70950 | Zot:5    | Noticed an ancient lich
 70954 | Zot:5    | Noticed a Killer Klown
 70954 | Zot:5    | Noticed a dread lich
 70965 | Zot:5    | Killed a Killer Klown
 70965 | Zot:5    | Killed a dread lich
 70967 | Zot:5    | Killed an ancient lich
 71279 | Zot:4    | Gained mutation: You are dopey. (Int -2) [hidden defects]
 71709 | Zot:4    | Lost mutation: You are clumsy. (Dex -2) [mutagenic glow]
 72637 | Zot:5    | Noticed an orb of fire
 72889 | Zot:5    | Gained mutation: You are vulnerable to cold. (rC-) [an orb
                  | of fire]
 72891 | Zot:5    | Gained mutation: You are very dopey. (Int -4) [an orb of
                  | fire]
 72892 | Zot:5    | Gained mutation: Your magical capacity is low. (-10% MP)
                  | [an orb of fire]
 72901 | Zot:5    | Killed an orb of fire
 72903 | Zot:5    | Gained mutation: You do not regenerate when monsters are
                  | visible. [hidden defects]
 72903 | Zot:5    | Lost mutation: You have hidden genetic defects. [hidden
                  | defects expressed]
 73078 | Zot:5    | Noticed an ancient lich
 73095 | Zot:5    | Killed an ancient lich
 73217 | Zot:5    | Noticed an orb of fire
 73226 | Zot:5    | Killed an orb of fire
 73592 | Zot:4    | Lost mutation: Your magical capacity is low. (-10% MP)
                  | [potion of mutation]
 73592 | Zot:4    | Lost mutation: Armour fits poorly on your strangely shaped
                  | body. [potion of mutation]
 73592 | Zot:4    | Gained mutation: Armour fits poorly on your strangely
                  | shaped body. [potion of mutation]
 73592 | Zot:4    | Gained mutation: A frigid envelope surrounds you and
                  | freezes all who hurt you. [potion of mutation]
 73593 | Zot:4    | Lost mutation: Your body often deteriorates upon taking
                  | damage. [potion of mutation]
 73593 | Zot:4    | Lost mutation: You do not regenerate when monsters are
                  | visible. [potion of mutation]
 73593 | Zot:4    | Lost mutation: You are very dopey. (Int -4) [potion of
                  | mutation]
 73593 | Zot:4    | Gained mutation: You are frail. (-10% HP) [potion of
                  | mutation]
 73593 | Zot:4    | Gained mutation: You are partially covered in iridescent
                  | scales. (AC +2) [potion of mutation]
 73594 | Zot:4    | Lost mutation: A frigid envelope surrounds you and freezes
                  | all who hurt you. [potion of mutation]
 73594 | Zot:4    | Lost mutation: You are very weak. (Str -4) [potion of
                  | mutation]
 73594 | Zot:4    | Lost mutation: You are vulnerable to cold. (rC-) [potion of
                  | mutation]
 73594 | Zot:4    | Gained mutation: You are clumsy. (Dex -2) [potion of
                  | mutation]
 74074 | Zot:5    | Noticed an orb of fire
 74083 | Zot:5    | Killed an orb of fire
 74140 | Zot:5    | Noticed an ancient lich
 74148 | Zot:5    | Killed an ancient lich
 74163 | Zot:5    | Noticed a dread lich
 74166 | Zot:5    | Killed a dread lich
 74375 | Zot:5    | Noticed a Killer Klown
 74378 | Zot:5    | Killed a Killer Klown
 74410 | Zot:5    | Noticed a Killer Klown
 74427 | Zot:5    | Killed a Killer Klown
 75102 | Zot:5    | Got the Orb of Zot
 75167 | Zot:4    | Noticed Deunt the pandemonium lord
 75177 | Zot:4    | Killed Deunt the pandemonium lord
 75306 | Depths:4 | Noticed Pueps the pandemonium lord
 75312 | Depths:4 | Killed Pueps the pandemonium lord
 76004 | D:1      | gg
 76005 | D:$      | Escaped with the Orb!

Illustrated notes

#########.########.########.#
#....#.................# #.#
##.###.#######'#######.# #.###
###..###.#.............#.# #....
....##.#.#.###########.#.####...#
######.#.#.#.........#.#.##......
#.#.#.#.#######.#.#.##.#.#.#
#.#.#.#.#.....#.#.#.##......
#.).#...#..@......#.†..#.#.# ####
#.#.#.#.#.....#.#.#.#....... ...#
#.#.#.#.###.###.#.#.#..#.#.#
.#.###.#.#.#.........#.#.#.......
.......#.#.###########.#.#..#.#.#
#.#.#..#.#.............#.#.......
.......#.#######'#######.#..#.###
#.#†#..#.................####.#
.......#####.########.#### #.###


Turn 76004 on D:1: gg

Levels and vault maps discovered:
D:1:      matt_arrival_refuge, layout_loops_ring, serial_co_window_serial,
          co_window_of_opportunity_a, co_window_corner_a, co_window_paths_a,
          co_window_paths_b, co_window_corner_a, co_window_of_opportunity_a,
          co_window_paths_a, co_window_2corner, co_window_of_opportunity_b,
          co_window_broadway_a, glass_columns_b, glass_columns_a,
          glass_columns_c
D:2:      layout_basic
D:3:      layout_rooms, portal_sewer_entry_e, minmay_misc_feat_iff
D:4:      layout_basic, cheibrodos_ashenzari_chains,
          mainiacjoe_overflow_boulevard, minmay_unequal
D:5:      layout_cave_pools, minmay_temple_entry_hall, serial_column_ruins,
          column_ruins_circle_small, column_ruins_open_small,
          column_ruins_corridor_plus, column_ruins_grid_1,
          column_ruins_columns_T, column_ruins_corridor_straight
D:6:      layout_loops_ring, serial_shops, shop
D:7:      layout_gridville, uniq_menkaure
D:8:      layout_loops_cross, nicolae_overflow_crystal_walls, okawaru_trees_1,
          uniq_psyche
D:9:      layout_loops_ring, kennysheep_little_box,
          nicolae_elyvilon_peaceful_grove, david_lair_generic
D:10:     layout_basic, hiddenorc1_lemuel, enter_bailey_5,
          kennysheep_another_room, minmay_variable_closet
D:11:     layout_gridville, minivault_14
D:12:     layout_stronghold
D:13:     layout_loops_ring, serial_undead, serial_undead_a, serial_undead_c,
          serial_undead_c, serial_undead_d, nicolae_trove_entry_columns,
          grunt_ministairs_11, uniq_urug
D:14:     layout_loops_ring, david_vaults_3, serial_bayou, serial_bayou_pond_e,
          serial_bayou_crossing, serial_bayou_pond_d, serial_bayou_pond_b,
          serial_shops, shop_fountains
D:15:     hellmonk_depths_entry_around_the_bend, layout_loops_ring,
          chequers_serial_rivers_micro_b, nicolae_transporter_intersection
Temple:   eino_temple_scatter_basement
Lair:1:   layout_chaotic_city, serial_bayou_lagoon_a,
          grunt_forest_small_clearing_treed
Lair:2:   layout_loops_ring, minmay_shoals_entry_hut,
          minmay_snake_entry_guardpost_small, special_room [special_room_bee],
          nicolae_volcano_entry_two_sided
Lair:3:   layout_chaotic_city, infiniplex_staircase_pool_2, lemuel_fruit_fields
Lair:4:   layout_regular_city
Lair:5:   evilmike_catoblepas_cave, layout_misc_corridors, slime_entry_1,
          gauntlet_entry_generic, grunt_megastairs_3
Shoals:1: layout_shoals
Shoals:2: layout_shoals, serial_shops, shop
Shoals:3: layout_shoals, uniq_ilsuiw
Shoals:4: shoals_end_hellmonk_lost_city
Snake:1:  layout_layer_cave, nicolae_snake_herptile_family_reunion,
          grunt_megastairs_4
Snake:2:  layout_onion_interference, minmay_shop_star
Snake:3:  layout_cave_pods, drop_trap, lemuel_fruit_tree, uniq_aizul,
          uniq_jorgrun, uniq_roxanne, uniq_vashnia
Snake:4:  johnstein_snake_rune_scales, layout_rooms,
          nicolae_snake_slithery_hallway, drop_trap, uniq_agnes
Slime:1:  layout_caves
Slime:2:  layout_caves
Slime:3:  layout_caves, basic_altar
Slime:4:  layout_caves
Slime:5:  slime_pit
Orc:1:    layout_diamond_mine, basic_altar, serial_shops,
          nicolae_shop_competitors_out_of_business, mines2_david
Orc:2:    st_orc_mages, layout_diamond_mine, serial_shops, shop, uniq_josephine
Elf:1:    eino_elf_arrival_the_gate, layout_loops_ring, minivault_28
Elf:2:    nicolae_elf_blades_crystal_corner, layout_gridlike,
          ebering_ghost_gozag, special_room [special_room_mythical_zoo]
Elf:3:    minmay_elf_hall_spiked, layout_geoelf_octagon
Vaults:1: v_misc_27, st_more_cells, v_alt_pattern_5, v_misc_2,
          grunt_vaults_trifunnel, nicolae_vaults_heist,
          nicolae_vaults_triangles, nicolae_vaults_rhombus_5,
          vaults_dpeg_encased_lava, nicolae_vaults_double_plus_1, v_misc_16,
          nicolae_vaults_trapezoid_lopsided_1, nicolae_vaults_trapezoid_layered,
          layout_vaults_omnibox
Vaults:2: nicolae_vaults_closet_pinwheel_2, nicolae_vaults_little_squares_1,
          nicolae_vaults_heart-shaped_vault, v_misc_10, hangedman_vaults_pinch,
          hangedman_vaults_trim, nicolae_vaults_heart-shaped_vault,
          vaults_dpeg_hooks, nicolae_vaults_you_can_take_it_with_you,
          layout_vaults_chaotic_city
Vaults:3: v_rooms_1, minmay_crypt_entry_simple_box, nicolae_vaults_oozy_zoo,
          vaults_room_pools, nicolae_vaults_tetromino_T_2, vaults_room_fours,
          nicolae_vaults_network_periphery, v_pattern_1, nicolae_vaults_meiosis,
          vaults_room_fours, nicolae_vaults_circle_grid_b,
          vaults_room_large_hall, nicolae_vaults_house_1, layout_vaults_ring,
          serial_shops, shop, uniq_frederick, uniq_sojobo
Vaults:4: v_pattern_2, vaults_mumra_hexcomb, nicolae_vaults_gold_heap,
          layout_vaults_omnigrid, serial_shops, shop, uniq_xtahua
Depths:1: layout_roguey, hell_entry, kennysheep_donut, nicolae_rejected_hall,
          serial_bayou_shore_a
Depths:2: minmay_the_grid_triangle_9x9_rhombus_thin_mashed
          [minmay_the_grid_triangle_9x9_alien,
          minmay_the_grid_triangle_9x9_prize_special,
          minmay_the_grid_triangle_9x9_fully_insulated_deathbox,
          minmay_the_grid_triangle_9x9_from_above], layout_cave_pools,
          enter_ziggurat_c, lightli_too_deep, rand_demon_pan_entry_7
Depths:3: gammafunk_jiyva_shrine, layout_honeycomb, pan_entry,
          pf_hell_entry_tar_spiral, abyss_entry,
          infiniplex_staircase_split_hallway
Depths:4: grunt_zot_entry_funnels, layout_gridville, minmay_stone_trees_small,
          hangedman_coc_ice_floe, zin_purify
Zot:1:    layout_basic, hangedman_zot_decor_unnerving_road
Zot:2:    layout_misc_corridors
Zot:3:    layout_twisted_circle, nzn_random_ring, grunt_megastairs_2,
          uniq_josephina
Zot:4:    layout_cellular_growth
Zot:5:    layout_cathedral_of_symmetry

Skill      XL: |  1  2  3  4  5  6  7  8  9 10 11 12 13 14 15 16 17 18 19 20 21 22 23 24 25 26 27 |
---------------+----------------------------------------------------------------------------------+-----
Spellcasting   | 3 4 5 7 9 10 12 13 15 16 18 | 18.0
Ice Magic      | 5 6 7 9 10 12 14 17 19 20 | 20.0
Summonings     | 2 4 5 |  5.0
Fighting       | 3 6 8 10 14 16 20 | 20.0
Transmutations | 2 6 |  6.0
Conjurations   | 2 5 9 10 | 10.0
Dodging        | 6 9 10 12 14 15 16 17 18 20 | 20.0
Ranged Weapons | 4 5 10 15 18 20 | 20.0
Polearms       | 2 4 |  4.0
Evocations     | 5 |  5.5
Armour         | 2 5 6 |  6.0
Air Magic      | 1 4 |  4.0
Earth Magic    | 8 16 20 | 20.0
Stealth        | |  2.4

Action                     |  1- 3 |  4- 6 |  7- 9 | 10-12 | 13-15 | 16-18 | 19-21 | 22-24 | 25-27 || total
---------------------------+-------+-------+-------+-------+-------+-------+-------+-------+-------++-------
  Melee: Dagger            |    30 |     9 |       |       |       |       |       |       |       ||    39
         Unarmed           |     2 |       |       |       |       |       |       |       |       ||     2
         Spear             |       |    19 |    78 |       |       |       |       |       |       ||    97
         Trident           |       |       |       |    16 |   210 |   216 |       |       |       ||   442
   Fire: Orcbow            |       |       |    30 |   389 |       |       |       |       |       ||   419
         Longbow           |       |       |       |       |       |   391 |   101 |  1040 |  1380 ||  2912
         Arbalest          |       |       |       |       |       |   158 |   575 |       |       ||   733
  Throw: Dart              |       |       |       |       |     4 |     2 |       |       |       ||     6
   Cast: Freeze            |    40 |    56 |    69 |    22 |   147 |     5 |       |       |       ||   339
         Frozen Ramparts   |       |    21 |    32 |    57 |    41 |    27 |       |       |     2 ||   180
         Summon Ice Beast  |       |       |    22 |    19 |    10 |     1 |       |     2 |       ||    54
         Ozocubu's Armour  |       |       |     4 |     8 |    13 |     3 |       |       |     1 ||    29
         Irradiate         |       |       |       |    22 |    17 |    46 |    18 |    20 |    51 ||   174
         Freezing Cloud    |       |       |       |    14 |    36 |     9 |     2 |       |       ||    61
         Ozocubu's Refrige |       |       |       |       |       |   215 |   416 |   236 |    49 ||   916
         Bombard           |       |       |       |       |       |       |       |     2 |    24 ||    26
         Polar Vortex      |       |       |       |       |       |       |       |       |    73 ||    73
         Shatter           |       |       |       |       |       |       |       |       |    37 ||    37
Ability: Dig               |       |       |       |       |     1 |     2 |     1 |     3 |     4 ||    11
  Evoke: Wand              |       |       |       |     4 |       |       |       |     1 |     2 ||     7
         Tin of tremorston |       |       |       |       |       |       |       |     2 |     1 ||     3
         Phial of floods   |       |       |       |       |       |       |       |     1 |       ||     1
         Phantom mirror    |       |       |       |       |       |       |       |     1 |       ||     1
    Use: Scroll            |       |       |     8 |     8 |     7 |    14 |     4 |     1 |    10 ||    52
         Potion            |       |       |       |     4 |     1 |     5 |     8 |     4 |    30 ||    52
   Stab: Sleeping          |     1 |     3 |     2 |       |     2 |     1 |       |       |       ||     9
         Distracted        |       |       |     1 |       |       |       |       |       |       ||     1
         Petrified         |       |       |       |       |     5 |       |       |       |       ||     5
 Armour: Robe              |    31 |    54 |   137 |   259 |    44 |       |   101 |   247 |   401 ||  1274
         Skin              |       |       |       |     6 |       |       |       |       |     2 ||     8
         Ring mail         |       |       |       |       |   200 |   408 |   106 |       |       ||   714
  Dodge: Dodged            |    41 |    66 |   121 |   271 |   298 |   616 |   271 |   449 |   684 ||  2817

Table legend: (Time is in decaauts)
 A = Elapsed time spent in this place.
 B = Non-inter-level travel time spent in this place.
 C = Inter-level travel time spent in this place.
 D = Time resting spent in this place.
 E = Time spent auto-exploring this place.
 F = Levels seen in this place.
 G = Mean time per level.
                   A        B        C        D        E       F      G
               +--------+--------+--------+--------+--------+-----+--------+
         Total |  76052 |  70302 |   5750 |  29559 |  25656 |  64 | 1188.3 |
       Dungeon |  19556 |  16999 |   2557 |   5525 |   7781 |  15 | 1303.7 |
        Temple |     18 |      2 |     16 |      0 |      0 |   1 |   18.0 |
          Lair |   8088 |   7349 |    739 |   3165 |   2715 |   5 | 1617.6 |
        Shoals |   4849 |   4644 |    205 |   1805 |   1997 |   4 | 1212.2 |
     Snake Pit |   6785 |   6436 |    349 |   3221 |   2078 |   4 | 1696.2 |
    Slime Pits |    677 |    629 |     48 |    254 |     37 |   5 |  135.4 |
  Orcish Mines |   2074 |   1824 |    250 |    421 |    895 |   2 | 1037.0 |
   Elven Halls |   3632 |   3482 |    150 |   1274 |   1529 |   3 | 1210.7 |
        Vaults |   7855 |   7454 |    401 |   2883 |   3308 |   4 | 1963.8 |
        Depths |   8193 |   7508 |    685 |   3712 |   2332 |   4 | 2048.2 |
           Zot |   9791 |   9446 |    345 |   5495 |   1907 |   5 | 1958.2 |
         Abyss |   1112 |   1112 |      0 |    205 |    190 |   7 |  158.9 |
         Trove |    118 |    118 |      0 |      0 |     42 |   1 |  118.0 |
         Sewer |    737 |    737 |      0 |     51 |    458 |   1 |  737.0 |
        Bailey |    811 |    811 |      0 |    461 |    108 |   1 |  811.0 |
       Volcano |    634 |    634 |      0 |    310 |    149 |   1 |  634.0 |
      Gauntlet |   1116 |   1116 |      0 |    771 |    127 |   1 | 1116.0 |
               +--------+--------+--------+--------+--------+-----+--------+

Top non-repeatable levels by time:
   Zot:4: 2974 daAuts
Depths:3: 2807 daAuts
 Snake:3: 2695 daAuts
  Lair:5: 2416 daAuts
Vaults:2: 2344 daAuts
Depths:1: 2191 daAuts
   Zot:1: 2187 daAuts
Vaults:3: 2162 daAuts
   Zot:5: 2149 daAuts
    D:15: 2046 daAuts
Vaults:1: 2023 daAuts
Depths:4: 1990 daAuts
   Elf:3: 1958 daAuts
     D:9: 1855 daAuts
    D:13: 1747 daAuts
